 Dungeon Crawl Stone Soup version 0.16.1-2-g95b8d4c (webtiles) character file.

4 Ololoev the Caller (level 1, -1/10 HPs)
             Began as a Tengu Summoner on Mar 24, 2015.
             Slain by a giant gecko (3 damage)
             ... on level 1 of the Dungeon.
             The game lasted 00:01:47 (996 turns).

Ololoev the Caller (Tengu Summoner)                  Turns: 996, Time: 00:01:47

Health: -1/10      AC:  3    Str:  8    XL:     1   Next: 60%
Magic:  3/3        EV: 12    Int: 15    God:
Gold:   29         SH:  0    Dex: 14    Spells: 1 memorised, 3 levels left

rFire  . . .     SeeInvis .     (no weapon)
rCold  . . .     Clarity  .     a - +0 robe
rNeg   . . .     SustAb   .     (no shield)
rPois  .         Gourm    .     (helmet restricted)
rElec  .         Spirit   .     (no cloak)
rCorr  .         Warding  .     i - +0 pair of gloves
rMut   .         Stasis   .     (boots unavailable)
MR     .....                    (no amulet)
Stlth  ++........               (no ring)
                                (no ring)

@: not resistant to hostile enchantments, unstealthy
A: beak, talons 3
a: no special abilities


You were on level 1 of the Dungeon.
You were not hungry.

You visited 1 branch of the dungeon, and saw 1 of its levels.

You collected 29 gold pieces.

Notes
Turn   | Place    | Note
--------------------------------------------------------------
     0 | D:1      | Ololoev, the Tengu Summoner, began the quest for the Orb.
     0 | D:1      | Reached XP level 1. HP: 10/10 MP: 3/3
   311 | D:1      | Reached skill level 5 in Summonings
   996 | D:1      | Slain by a giant gecko

Inventory:

Armour
 a - a +0 robe (worn)
 f - a +0 buckler
 i - a +0 pair of gloves (worn)
Scrolls
 d - a scroll of magic mapping {unknown}
 g - a scroll of enchant weapon {unknown}
 h - a scroll of identify {unknown}
Potions
 e - a potion of brilliance {unknown}
Books
 b - a book of Callings

   Spells                             Type                      Level
   a - Summon Small Mammal            Summoning                    1
   b - Call Imp                       Summoning                    2
   c - Call Canine Familiar           Summoning                    3
   d - Summon Guardian Golem          Hexes/Summoning              4
   e - Summon Lightning Spire         Summoning/Air                4
   f - Summon Ice Beast               Ice/Summoning                4
Comestibles
 c - a bread ration

Table legend:
 A = Turns spent in this place as a percentage of turns spent in the entire game.
 B = Non-inter-level travel turns spent in this place as a percentage of non-inter-level travel turns spent in the entire game.
 C = Inter-level travel turns spent in this place as a percentage of turns spent in this place.
 D = Turns resting spent in this place as a percentage of non-inter-level travel turns spent in this place.
 E = Turns spent auto-exploring this place as a percentage of non-inter-level travel turns spent in this place.
 F = Non-inter-level travel turns spent in this place divided by the number of levels of this place that you've seen.
                   A       B       C       D       E      F
               +-------+-------+-------+-------+-------+----------------------
         Total | 100.0 | 100.0 |   0.0 |  10.0 |  11.8 | 170.0
       Dungeon | 100.0 | 100.0 |   0.0 |  10.0 |  11.8 | 170.0
               +-------+-------+-------+-------+-------+----------------------


   Skills:
 - Level 2.1 Dodging
 - Level 2.0 Stealth
 - Level 2.0 Spellcasting
 + Level 5.1 Summonings


You had 3 spell levels left.
You knew the following spells:

 Your Spells              Type           Power        Failure   Level  Hunger
a - Summon Small Mammal   Summ           ###.         2%          1    #......


Dungeon Overview and Level Annotations

Branches:
Dungeon (1/15)

Altars:


Innate Abilities, Weirdness & Mutations

You have a beak for a mouth.
You have claws for feet.


Message History

Magic restored.
You start resting.
Your quokka disappears in a puff of smoke!
You start resting.
You start resting.
HP restored.
A giant gecko comes into view.
A giant gecko is nearby!
A giant gecko is nearby!
A giant gecko is nearby!
The giant gecko bites you. The giant gecko closely misses you.
You closely miss the giant gecko. Your kick misses the giant gecko.
The giant gecko misses you.
You hit the giant gecko. Your peck misses the giant gecko.
The giant gecko is moderately wounded.
The giant gecko barely misses you.
You barely miss the giant gecko.
You peck the giant gecko, but do no damage.
The giant gecko is moderately wounded.
The giant gecko misses you.
You hit the giant gecko.
The giant gecko is almost dead.
The giant gecko closely misses you.
You hit the giant gecko but do no damage.
Your peck misses the giant gecko.
The giant gecko is almost dead.
The giant gecko closely misses you.
The giant gecko bites you but does no damage.
You barely miss the giant gecko.
The giant gecko is almost dead.
The giant gecko bites you.
You hit the giant gecko but do no damage.
The giant gecko is almost dead.
The giant gecko hisses menacingly.
The giant gecko bites you.
You miss the giant gecko.
The giant gecko is almost dead.
The giant gecko closely misses you. The giant gecko bites you.
You die...

# # ####
############ ...#
#.@l.......#
##)##########
#.########.#
##..........# #.#
##.########.# #.#
............###.#
#...######...##.###
..................#
#...###..#...##.#.#
##.####..##.###.#.#


You could see a giant gecko.

Table legend:
 A = Kills in this place as a percentage of kills in entire the game.
 B = Kills by you in this place as a percentage of kills by you in the entire game.
 C = Kills by friends in this place as a percentage of kills by friends in the entire game.
 D = Other kills in this place as a percentage of other kills in the entire game.
 E = Experience gained in this place as a percentage of experience gained in the entire game.
 F = Experience gained in this place divided by the number of levels of this place that you have seen.
                   A       B       C       D       E      F
               +-------+-------+-------+-------+-------+----------------------
         Total | 100.0 | 100.0 | 100.0 |  -nan | 100.0 |   6.0
       Dungeon | 100.0 | 100.0 | 100.0 |  -nan | 100.0 |   6.0
               +-------+-------+-------+-------+-------+----------------------

Vanquished Creatures
  An ooze (D:1)
1 creature vanquished.

Vanquished Creatures (collateral kills)
  A goblin (D:1)
  2 kobolds (D:1)
  A rat (D:1)
4 creatures vanquished.

Vanquished Creatures (others)
  A quokka (D:1)
1 creature vanquished.

Grand Total: 6 creatures vanquished

Action                   || total
-------------------------++-------
Melee: Unarmed           ||    26
 Cast: Summon Small Mamm ||     8
 Stab: Sleeping          ||     1

Vault maps used:
D:1:      arrival_zaba_pyramid
